 Dungeon Crawl Stone Soup version 0.29.0-11-gd7f09526c8 (webtiles) character file.

Game seed: 8361320233923872131

548 SolCadguy the Martial Artist (level 7, -4/47 HPs)
             Began as a Djinni Transmuter on Sept 3, 2022.
             Slain by an iguana (9 damage)
             ... on level 5 of the Dungeon on Sept 4, 2022.
             The game lasted 00:14:08 (6742 turns).

SolCadguy the Martial Artist (Djinni Transmuter)    Turns: 6742, Time: 00:14:09

Health: -4/47      AC:  4    Str:  9    XL:     7   Next: 54%
Gold:   307        EV: 13    Int: 16    God:
                   SH:  0    Dex: 20

rFire   + + .      SeeInvis .     - Unarmed
rCold   x . .      Faith    .   (no shield)
rNeg    . . .      Spirit   .   a - +0 robe
rPois   ∞          Reflect  .   y - +0 helmet
rElec   .          Harm     .   d - +0 cloak
rCorr   .          Rampage  .   (no gloves)
Will    .....                   (boots unavailable)
Stlth   ++........              (no amulet)
HPRegen 0.15/turn               p - +6 ring of dexterity
MPRegen 0.00/turn               (no ring)

@: flying
A: sickness immunity, fire resistance 2, cold vulnerability 1, float, innate
caster, HP casting, extra vitality 1
a: no special abilities


You were on level 5 of the Dungeon.
You visited 1 branch of the dungeon, and saw 6 of its levels.

You collected 307 gold pieces.

Inventory:

Hand Weapons
 e - a +2 dagger of protection
Missiles
 g - 23 poisoned darts
Armour
 a - a +0 robe (worn)
 d - a +0 cloak (worn)
 y - a +0 helmet (worn)
Jewellery
 p - a +6 ring of dexterity (left hand)
Wands
 x - a wand of light (17)
 B - a wand of mindburst (13)
Scrolls
 l - a scroll of butterflies
 n - a scroll of blinking
 o - 2 scrolls of acquirement {unknown}
 q - 4 scrolls of identify
 t - a scroll of noise {unknown}
 u - a scroll of poison {unknown}
 v - a scroll of teleportation
 A - a scroll of amnesia {unknown}
Potions
 b - a potion of lignification
 c - a potion of attraction
 f - a potion of haste
 h - 2 potions of heal wounds {unknown}
 i - 3 potions of curing
 j - a potion of brilliance
 k - a potion of resistance {unknown}
 m - a potion of invisibility {unknown}
 s - a potion of degeneration {unknown}
 w - a potion of berserk rage {unknown}
 z - a potion of mutation {unknown}


   Skills:
 - Level 1.0 Fighting
 - Level 2.1 Dodging
 + Level 8.1 Unarmed Combat
 - Level 1.5 Spellcasting


You couldn't memorise any spells.
You knew the following spells:

 Your Spells              Type           Power      Damage    Failure   Level
a - Beastly Appendage     Tmut           12%        N/A       12%         1
b - Wereblood             Tmut           6%         N/A       17%         2
c - Spider Form           Tmut/Pois      6%         N/A       34%         3
d - Ice Form              Ice/Tmut       6%         N/A       75%         4
e - Summon Small Mammal   Summ           24%        N/A       12%         1
f - Ensorcelled Hibernat  Hex/Ice        12%        N/A       17%         2
g - Searing Ray           Conj           12%        2d4       17%         2
Your spell library was empty.

Dungeon Overview and Level Annotations

Branches:
Dungeon (6/15)
 Temple: D:4-7

Altars:
Elyvilon
Nemelex Xobeh
Qazlal
Ru
Trog

Shops:
D:5 [


Innate Abilities, Weirdness & Mutations

You are immune to sickness and miasma.
You are immune to poison.
Your flesh is very heat resistant. (rF++)
You are vulnerable to cold. (rC-)
You float through the air rather than walking.
You learn spells naturally, not from books.
Your magical power is your life essence.
You have superior vitality. (+4 MHP)


Message History

The phantom hits you.
The phantom blinks!
You blink.
Okay, then.
As you read the scroll of fear, it crumbles to dust.
You assume a fearsome visage.
The gnoll looks frightened!
The phantom is unaffected.
The dart slug looks frightened!
Your horns disappear.
Your +0 helmet unmelds from your body.
The phantom hits you.
* * * LOW HITPOINT WARNING * * *
The phantom blinks!
You blink.
You punch the phantom! You punch the phantom.
The phantom is almost destroyed.
You howl as the wereblood boils in your veins!
Your primal bloodlust has ended.
The phantom barely misses you.
You miss the phantom.
The phantom is almost destroyed.
The phantom barely misses you.
Cornered, the gnoll turns to fight!
You closely miss the phantom.
The phantom is almost destroyed.
The phantom completely misses you.
You miss the phantom. Your punch misses the phantom.
The phantom is almost destroyed.
The phantom barely misses you.
The gnoll throws a stone.
The stone barely misses you.
You punch the phantom!
You destroy the phantom!
Your Unarmed Combat skill increases to level 8!
Aiming: Mindburst
Press: ? - help, Shift-Dir - straight line, f - iguana
Aim: an iguana (chance to affect: 72%)
The iguana's mind is blasted!
The iguana bites you.
* * * LOW HITPOINT WARNING * * *
You barely miss the iguana.
The iguana is moderately wounded.
You closely miss the iguana.
The iguana is moderately wounded.
The gnoll throws a stone.
The stone hits you.
* * * LOW HITPOINT WARNING * * *
The iguana bites you!
You die...

#...###...(.....
#..## ##.#######
#..# #.# #..# #.#
#..# #.# #..#
###.######
#..###.........
#.......####.###
##.##.#.##....@##
# #.##.#.#.....l.#
.#
#.##..§#.......#.#
..####.)..g_.....#
.## #.#.......#.
#. #.#.......#.#
#. #.##.....## .
#.####.### .. #..
....


You could see an iguana and a gnoll.

Vanquished Creatures
  A centaur (D:5)
  A phantom (D:5)
  A kobold brigand (D:6)
  3 hounds
  6 gnolls
  10 adders
  4 worms
  2 dart slugs
  2 orcs
  7 endoplasms
  2 giant cockroaches
  6 goblins
  7 hobgoblins
  9 kobolds
  A quokka (D:2)
  7 ball pythons
  4 bats
  4 frilled lizards
  7 rats
84 creatures vanquished.

Notes
Turn   | Place    | Note
-------+----------+-------------------------------------------
     0 | D:1      | SolCadguy the Djinni Transmuter began the quest for the
                  | Orb.
     0 | D:1      | SolCadguy set off with the following spells memorised:
                  | Beastly Appendage, Wereblood, Spider Form, Ice Form.
     0 | D:1      | Reached XP level 1. HP: 17/17 MP: 0/0
   691 | D:1      | Reached XP level 2. HP: 20/22 MP: 0/0
  1059 | D:1      | Found a faded altar of an unknown god.
  1652 | D:2      | Reached skill level 4 in Unarmed Combat
  1652 | D:2      | Reached XP level 3. HP: 17/27 MP: 0/0
  1652 | D:2      | Learned a level 1 spell: Summon Small Mammal
  1935 | D:2      | Reached XP level 4. HP: 11/32 MP: 0/0
  2501 | D:2      | Reached skill level 5 in Unarmed Combat
  3484 | D:3      | Found a white marble altar of Elyvilon.
  3492 | D:3      | Found a sparkling altar of Nemelex Xobeh.
  3493 | D:3      | Found a sacrificial altar of Ru.
  4068 | D:4      | Reached XP level 5. HP: 36/37 MP: 0/0
  4068 | D:4      | Learned a level 2 spell: Ensorcelled Hibernation
  4705 | D:5      | Entered Level 5 of the Dungeon
  4787 | D:5      | Noticed a centaur
  4808 | D:5      | Killed a centaur
  4809 | D:5      | Reached skill level 6 in Unarmed Combat
  4809 | D:5      | Reached XP level 6. HP: 9/42 MP: 0/0
  4860 | D:5      | Found Haosuhif's Armour Shoppe.
  5259 | D:6      | Noticed a moth of wrath
  5383 | D:6      | Reached skill level 7 in Unarmed Combat
  5928 | D:6      | Reached XP level 7. HP: 34/47 MP: 0/0
  5928 | D:6      | Learned a level 2 spell: Searing Ray
  6444 | D:6      | Found a bloodstained altar of Trog.
  6719 | D:5      | Found a stormy altar of Qazlal.
  6740 | D:5      | Reached skill level 8 in Unarmed Combat
  6742 | D:5      | Slain by an iguana

Illustrated notes

Levels and vault maps discovered:
D:1:      elethiomel_arrival_quiet, layout_basic,
          ebering_ecumenical_altar_petrified
D:2:      layout_basic
D:3:      layout_loops_corners, mainiacjoe_overflow_alcove_3,
          small_statue_alley_b
D:4:      layout_loops_ring
D:5:      layout_loops_ring, mainiacjoe_overflow_alcove_1, old_standard_altar,
          serial_shops, shop_fountains, gammafunk_ghost_necromancy
D:6:      layout_loops_corners, tgw_trog

Skill      XL: |  1  2  3  4  5  6  7 |
---------------+----------------------+-----
Unarmed Combat | 4 5 6 7 8 |  8.1
Fighting       | |  1.0
Dodging        | |  2.1
Spellcasting   | |  1.5

Action                   |  1- 3 |  4- 6 |  7- 9 || total
-------------------------+-------+-------+-------++-------
Melee: Unarmed           |    99 |   119 |    57 ||   275
       Headbutt          |    15 |    20 |    11 ||    46
       Punch             |     2 |     5 |     6 ||    13
 Cast: Beastly Appendage |    17 |    28 |     3 ||    48
       Wereblood         |     1 |    10 |     3 ||    14
       Searing Ray       |       |       |     1 ||     1
Evoke: Wand              |       |     5 |     1 ||     6
  Use: Scroll            |       |     7 |     1 ||     8
       Potion            |       |     3 |       ||     3
 Stab: Sleeping          |     2 |     2 |       ||     4
       Invisible         |       |     1 |       ||     1
Armor: Robe              |    27 |    20 |     3 ||    50
       Skin              |       |     4 |       ||     4
Dodge: Dodged            |    59 |    85 |    28 ||   172
